 Dungeon Sprint DCSS version 0.28-a0-245-g639a1a48b9 (webtiles) character file.

Game seed: 16885129314672240736

2482 jt the Cleaver (level 9, -2/83 HPs)
             Began as a Palentonga Fighter on Aug 24, 2021.
             Was a Priest of Yredelemnul.
             Slain by a storm dragon (12 damage)
             ... in the Dungeon (Sprint II: "The Violet Keep of Menkaure").
             The game lasted 00:07:23 (1667 turns).

jt the Cleaver (Palentonga Fighter)                 Turns: 1667, Time: 00:07:23

Health: -2/83      AC: 19    Str: 21 (24) XL:     9   Next: 27%
Magic:  9/9        EV:  6    Int:  5 (6)  God:    Yredelemnul [***...]
Gold:   118        SH: 18    Dex: 10 (11) Spells: 8/8 levels left

rFire   + + .      SeeInvis +   a - +0 war axe
rCold   + . .      Faith    .   l - +3 tower shield of Wasted Space {+Inv}
rNeg    . . .      Spirit   .   b - +0 scale mail
rPois   +          Reflect  .   z - +2 helmet
rElec   +          Harm     .   (no cloak)
rCorr   +          Rampage  .   i - +2 pair of gloves of Hide-and-Seek {rCorr Dex+2}
Will    .....      NoTele   +   (no barding)
Stlth   ..........              (no amulet)
HPRegen 0.23/turn               B - ring of protection from fire
MPRegen 0.11/turn               (no ring)

@: resistant, curled up
A: large, rugged brown scales 3, see invisible, deformed body, roll 1, armoured
tail, reflexive curl, dopey 1
a: Rolling Charge, Renounce Religion, Evoke Invisibility, Recall Undead Slaves,
Injury Mirror, Animate Dead


You were in the Dungeon.
You worshipped Yredelemnul.
Yredelemnul was most pleased with you.
You visited 1 branch You collected 965 gold pieces.
You spent 847 gold pieces at shops.

Inventory:

Hand Weapons
 a - a +0 war axe (weapon)
 c - a +0 arbalest
 k - a +0 trident
Missiles
 d - 40 bolts
 n - 72 stones
 s - 17 sling bullets
 u - 41 poisoned darts
 v - 7 boomerangs
Armour
 b - a +0 scale mail (worn)
 i - the +2 pair of gloves of Hide-and-Seek (worn) {rCorr Dex+2}
   (You bought it in a shop in the Dungeon)

   Dex:       It affects your dexterity (+2).
   rCorr:     It protects you from acid and corrosion.
 l - the +3 tower shield of Wasted Space (worn) {+Inv}
   (You bought it in a shop in the Dungeon)

   +Inv:      It lets you turn invisible.
 z - a +2 helmet (worn)
Jewellery
 A - a ring of flight
 B - a ring of protection from fire (left hand)
Scrolls
 g - 3 scrolls of identify {unknown}
 j - a scroll of enchant weapon {unknown}
 m - a scroll of enchant armour {unknown}
 o - 2 scrolls of fog {unknown}
 y - a scroll of silence {unknown}
Potions
 e - a potion of curing
 f - a potion of mutation
 h - 5 potions of magic
 q - 4 potions of flight
 t - 2 potions of resistance


   Skills:
 + Level 9.8 Fighting
 + Level 13.6 Axes
 - Level 2.4 Armour
 + Level 10.3 Shields
 + Level 5.5 Evocations


You had 8 spell levels left.
You didn't know any spells.
Your spell library contained the following spells:

 Spells                   Type           Power      Damage    Failure   Level
 Conjure Flame            Conj/Fire      0%         6-21      100%        3
 Ignite Poison            Fire/Tmut/Pois 0%         N/A       100%        3
 Stone Arrow              Conj/Erth      0%         3d7       100%        3
 Animate Armour           Summ/Erth      0%         N/A       100%        4
 Sticky Flame             Conj/Fire      0%         2d3       100%        4
 Lehudib's Crystal Spear  Conj/Erth      0%         10d2      100%        8


Dungeon Overview and Level Annotations

Branches:
Dungeon (1/1)

Altars:
Cheibriados
Dithmenos
Elyvilon
Fedhas
Gozag
Hepliaklqana
Kikubaaqudgha
Makhleb
Nemelex Xobeh
Okawaru
Qazlal
Ru
Sif Muna
Trog
Uskayaw
Vehumet
Wu Jian
Xom
Yredelemnul
Zin
The Shining One
Beogh
Jiyva
Lugonu

Shops:
D :=![=!(**?((:[[*(!?

Annotations:
D exclusions: obsidian statue and oklob plant


Innate Abilities, Weirdness & Mutations

You are completely covered in rugged brown scales. (AC +3, +7% HP)
You have supernaturally acute eyesight. (SInv)
Armour fits poorly on your strangely shaped body.
You can roll at nearby foes to attack.
You have a long armoured tail.
You curl defensively after being hit.
You are dopey. (Int -2)


Message History

You block the storm dragon's attack.
You slash the storm dragon!
The storm dragon is moderately wounded.
You block the storm dragon's attack. The storm dragon claws you.
* * * LOW HITPOINT WARNING * * *
The storm dragon tramples you but does no damage.
You barely miss the storm dragon.
The storm dragon is moderately wounded.
You block the storm dragon's attack.
The storm dragon claws you but does no damage.
The storm dragon tramples you but does no damage.
You hit the storm dragon but do no damage.
Your tail-slap misses the storm dragon.
The storm dragon is moderately wounded.
The storm dragon bites you but does no damage.
The storm dragon claws you but does no damage.
The storm dragon closely misses you.
You feel much better. The storm dragon bites you. The storm dragon claws you.
The storm dragon tramples you but does no damage.
You hit the storm dragon but do no damage.
The storm dragon is moderately wounded.
The storm dragon breathes lightning at you.
The bolt of lightning hits you. You resist. The bolt of lightning hits you!
You resist.
* * * LOW HITPOINT WARNING * * *
The bolt of lightning hits the storm dragon.
The storm dragon completely resists.
The storm dragon bites you!
* * * LOW HITPOINT WARNING * * *
The storm dragon claws you but does no damage.
You block the storm dragon's attack.
You hit the storm dragon but do no damage.
The storm dragon is moderately wounded.
The storm dragon barely misses you.
The storm dragon claws you but does no damage.
You block the storm dragon's attack.
You closely miss the storm dragon.
The storm dragon is moderately wounded.
The storm dragon bites you!
You die...
Your body rises from the dead as a mindless zombie.

######### #∩∩.∩∩D@+
#######.# ####+####
##≈°○≈§≈§##
##≈≈≈§≈°≈§≈## ▓▓
+≈≈°≈≈≈≈§○≈≈# +.
##≈°°≈○○≈≈≈## #.
≈##°≈≈≈≈≈°## #.
##########≈≈#+++#°''##
#


You could see a storm dragon.

Vanquished Creatures
  A merfolk siren (D)
  A yaktaur (D)
  3 polar bears (D)
  A blink frog (D)
  A hornet (D)
  Menkaure (D)
  3 water moccasins (D)
  4 necrophages (D)
  4 lava snakes (D)
  3 worms (D)
22 creatures vanquished.

Vanquished Creatures (others)
  A water moccasin (D)
  2 water moccasin skeletons (D)
  A polar bear zombie (D)
  8 tentacles (D)
12 creatures vanquished.

Grand Total: 34 creatures vanquished

Notes
Turn   | Place    | Note
-------+----------+-------------------------------------------
     0 | D        | jt the Palentonga Fighter began the quest for the Orb.
     0 | D        | Reached XP level 1. HP: 19/19 MP: 1/1
     1 | D        | Noticed a boulder beetle
     1 | D        | Noticed a boulder beetle
     4 | D        | Noticed a necrophage
     4 | D        | Noticed a necrophage
     4 | D        | Noticed a necrophage
     4 | D        | Noticed a necrophage
     8 | D        | Killed a necrophage
     9 | D        | Reached skill level 6 in Axes
     9 | D        | Reached skill level 5 in Shields
     9 | D        | Reached XP level 2. HP: 25/25 MP: 2/2
     9 | D        | Reached XP level 3. HP: 31/31 MP: 3/3
     9 | D        | Reached XP level 4. HP: 37/37 MP: 4/4
    12 | D        | Killed a necrophage
    13 | D        | Reached skill level 7 in Axes
    13 | D        | Reached XP level 5. HP: 43/43 MP: 5/5
    15 | D        | Killed a necrophage
    16 | D        | Reached skill level 9 in Axes
    20 | D        | Killed a water moccasin
    22 | D        | Killed a necrophage
    23 | D        | Reached XP level 6. HP: 29/50 MP: 6/6
   146 | D        | Found Aluf's Book Boutique.
   146 | D        | Found Ijiagoe's Weapon Shop.
   146 | D        | Found Wunoaveg's Distillery.
   146 | D        | Found Bosku's General Store.
   146 | D        | Found Tewex's Jewellery Shop.
   146 | D        | Found Maiz's Assorted Antiques.
   146 | D        | Found Icoh's Antique Weapon Shop.
   146 | D        | Found Soavacko's Antique Armour Boutique.
   146 | D        | Found Gaet Huv's Antique Armour Shop.
   146 | D        | Found Waicho's Weapon Boutique.
   147 | D        | Found Zoobue's Antique Armour Boutique.
   147 | D        | Found Amob Der's Magic Scroll Shop.
   147 | D        | Found Uniull's Distillery.
   147 | D        | Found Rasag's Jewellery Boutique.
   147 | D        | Noticed a fire dragon
   149 | D        | Noticed Menkaure
   149 | D        | Noticed an oklob plant
   149 | D        | Noticed a slime creature
   149 | D        | Noticed a slime creature
   149 | D        | Noticed a slime creature
   170 | D        | Killed Menkaure
   171 | D        | Reached skill level 10 in Axes
   176 | D        | Found Wehaduph's Book Shoppe.
   182 | D        | Noticed an unseen horror
   195 | D        | Bought a pair of crude gloves for 237 gold pieces
   195 | D        | Identified the +2 pair of gloves of Hide-and-Seek {rCorr
                  | Dex+2} (You bought it in a shop in the Dungeon)
   375 | D        | Noticed a flying skull
   375 | D        | Noticed a flying skull
   376 | D        | Noticed a blink frog
   376 | D        | Noticed a flying skull
   384 | D        | Killed a blink frog
   385 | D        | Reached skill level 5 in Fighting
   385 | D        | Reached skill level 11 in Axes
   385 | D        | Gained mutation: You curl defensively after being hit.
                  | [Palentonga growth]
   385 | D        | Reached XP level 7. HP: 55/59 MP: 7/7
   436 | D        | Noticed a merfolk siren
   453 | D        | Killed a merfolk siren
   454 | D        | Reached skill level 12 in Axes
   454 | D        | Reached XP level 8. HP: 61/71 MP: 8/8
   478 | D        | Bought a fine tower shield for 285 gold pieces
   478 | D        | Identified the +3 tower shield of Wasted Space {+Inv} (You
                  | bought it in a shop in the Dungeon)
   512 | D        | Found a glowing silver altar of Zin.
   513 | D        | Found a glowing golden altar of the Shining One.
   513 | D        | Found a basalt altar of Yredelemnul.
   513 | D        | Found a hide-covered altar of Uskayaw.
   514 | D        | Found a shimmering altar of Xom.
   514 | D        | Found a bloodstained altar of Trog.
   515 | D        | Found a radiant altar of Vehumet.
   515 | D        | Found a burning altar of Makhleb.
   516 | D        | Found an ornate altar of the Wu Jian Council.
   516 | D        | Found a shimmering blue altar of Sif Muna.
   516 | D        | Found a corrupted altar of Lugonu.
   516 | D        | Found a sparkling altar of Nemelex Xobeh.
   516 | D        | Found a blossoming altar of Fedhas.
   517 | D        | Found a sacrificial altar of Ru.
   517 | D        | Found an ancient bone altar of Kikubaaqudgha.
   517 | D        | Found a white marble altar of Elyvilon.
   518 | D        | Found a stormy altar of Qazlal.
   518 | D        | Found a viscous altar of Jiyva.
   518 | D        | Found a shadowy altar of Dithmenos.
   519 | D        | Found a hazy altar of Hepliaklqana.
   519 | D        | Found a snail-covered altar of Cheibriados.
   521 | D        | Noticed a hornet
   521 | D        | Noticed a polar bear
   521 | D        | Noticed a polar bear
   522 | D        | Found an opulent altar of Gozag.
   522 | D        | Found an iron altar of Okawaru.
   522 | D        | Noticed a yaktaur
   526 | D        | Became a worshipper of Yredelemnul the Dark
   527 | D        | Noticed a polar bear
   544 | D        | Killed a polar bear
   545 | D        | Reached skill level 1 in Evocations
   550 | D        | Killed a yaktaur
   555 | D        | Killed a hornet
   555 | D        | Reached * piety under Yredelemnul
   556 | D        | Reached skill level 13 in Axes
   558 | D        | Killed a polar bear
   564 | D        | Killed a polar bear
   565 | D        | Reached skill level 10 in Shields
   565 | D        | Reached XP level 9. HP: 51/81 MP: 9/9
   576 | D        | Noticed a kraken
   581 | D        | Reached ** piety under Yredelemnul
   590 | D        | Reached skill level 5 in Evocations
   619 | D        | Noticed an obsidian statue
   838 | D        | Found the amulet of Vitality {Regen+ HP+15}
  1007 | D        | Bought a ring of protection from fire for 325 gold pieces
  1293 | D        | Reached *** piety under Yredelemnul
  1611 | D        | Gained mutation: You are dopey. (Int -2) [potion of
                  | mutation]
  1652 | D        | Found Moumotu's Magic Scroll Boutique.
  1652 | D        | Found Leonle Ykhe's Distillery.
  1652 | D        | Found Hukuh's Antique Weapon Emporium.
  1652 | D        | Found Carphaw's Assorted Antiques.
  1652 | D        | Noticed a storm dragon
  1667 | D        | Slain by a storm dragon

Illustrated notes

Levels and vault maps discovered:
D:        the_violet_keep_of_menkaure [sprint2_stairs_cluster_1,
          sprint2_shoproom, sprint2_temple, sprint2_basic_supplies,
          sprint2_obstacle_1, sprint2_obstacle_3, sprint2_obstacle_5,
          sprint2_obstacle_7, sprint2_obstacle_6, sprint2_timed_cluster_1,
          sprint2_smallroom_cluster_1, sprint2_smallroom_final_cluster_1,
          sprint2_transparent_cluster_1, sprint2_second_timed_cluster_1,
          sprint2_sniper_area_1, sprint2_heavy_combat_area_1,
          sprint2_mutation_trap_area_1, sprint2_forest_area_1,
          sprint2_light_combat_area_1, sprint2_behind_water_1,
          sprint2_near_end_vault_1]

Skill      XL: |  1  2  3  4  5  6  7  8  9 |
---------------+----------------------------+-----
Axes           | 6 7 9 11 12 13 | 13.6
Shields        | 5 6 8 9 10 | 10.3
Fighting       | 5 7 9 |  9.8
Evocations     | 4 5 |  5.5
Armour         | |  2.4

Action                   |  1- 3 |  4- 6 |  7- 9 || total
-------------------------+-------+-------+-------++-------
Melee: War axe           |     3 |    22 |    95 ||   120
       Tailslap          |     1 |     2 |    14 ||    17
Invok: Animate Remains   |       |       |     3 ||     3
 Abil: Rolling Charge    |       |     4 |     3 ||     7
  Use: Potion            |     1 |       |    12 ||    13
       Scroll            |       |       |     1 ||     1
Armor: Scale mail        |     1 |     2 |    46 ||    49
Dodge: Dodged            |       |     3 |    19 ||    22
Block: Kite shield       |       |     5 |     2 ||     7
       Tower shield      |       |       |    81 ||    81

Table legend: (Time is in decaauts)
 A = Elapsed time spent in this place.
 B = Non-inter-level travel time spent in this place.
 C = Inter-level travel time spent in this place.
 D = Time resting spent in this place.
 E = Time spent auto-exploring this place.
 F = Levels seen in this place.
 G = Mean time per level.
                   A        B        C        D        E       F      G
               +--------+--------+--------+--------+--------+-----+--------+
         Total |   1705 |   1663 |     42 |   1072 |      0 |   1 | 1705.0 |
       Dungeon |   1705 |   1663 |     42 |   1072 |      0 |   1 | 1705.0 |
               +--------+--------+--------+--------+--------+-----+--------+

Top non-repeatable levels by time:
       D: 1705 daAuts
